 Dungeon Crawl Stone Soup version 0.28.0-47-ge53b351184 (webtiles) character file.

Game seed: 6978758674778847372

465 nickcage the Destroyer (level 6, -2/32 HPs)
             Began as a Deep Elf Conjurer on May 10, 2022.
             Was a Follower of Vehumet.
             Slain by an orc warrior
             ... wielding a +0 mace
              (13 damage)
             ... on level 5 of the Dungeon.
             The game lasted 00:11:25 (4631 turns).

nickcage the Destroyer (Deep Elf Conjurer)          Turns: 4631, Time: 00:11:25

Health: -2/32      AC:  5    Str:  4    XL:     6   Next: 80%
Magic:  11/16      EV: 13    Int: 25    God:    Vehumet [*.....]
Gold:   139        SH:  0    Dex: 19    Spells: 9/16 levels left

rFire   . . .      SeeInvis .   i - +0 dagger
rCold   . . .      Faith    .   (no shield)
rNeg    . . .      Spirit   .   a - +0 robe
rPois   .          Reflect  .   (no helmet)
rElec   .          Harm     .   (no cloak)
rCorr   .          Rampage  .   o - +2 pair of gloves
Will    +....                   (no boots)
Stlth   ++........              y - amulet of magic regeneration
HPRegen 0.10/turn               g - +6 ring of dexterity
MPRegen 0.55/turn               k - ring of willpower

@: no status effects
A: no striking features
a: Renounce Religion


You were on level 5 of the Dungeon.
You worshipped Vehumet.
Vehumet was aware of your devotion.
You visited 2 branches of the dungeon, and saw 7 of its levels.

You collected 139 gold pieces.

Inventory:

Hand Weapons
 i - a +0 dagger (weapon)
Missiles
 d - a throwing net
Armour
 a - a +0 robe (worn)
 o - a +2 pair of gloves (worn)
Jewellery
 g - a +6 ring of dexterity (left hand)
 k - a ring of willpower (right hand)
 y - an amulet of magic regeneration (around neck)
 A - a ring of protection from cold
Wands
 u - a wand of flame (16)
Scrolls
 b - 7 scrolls of identify {unknown}
 j - a scroll of acquirement {unknown}
 l - 2 scrolls of enchant armour {unknown}
 n - a scroll of immolation {unknown}
 q - 2 scrolls of enchant weapon {unknown}
 s - a scroll of magic mapping {unknown}
 t - a scroll of summoning {unknown}
 v - 2 scrolls of blinking {unknown}
 w - a scroll of fog {unknown}
 z - a scroll of vulnerability {unknown}
Potions
 c - a potion of might {unknown}
 e - a potion of lignification {unknown}
 f - 3 potions of brilliance {unknown}
 h - 3 potions of curing {unknown}
 m - 2 potions of magic {unknown}
 p - a potion of heal wounds {unknown}
 r - 2 potions of mutation {unknown}
 x - a potion of attraction {unknown}


   Skills:
 - Level 2.4 Dodging
 - Level 2.4 Stealth
 + Level 5.7 Spellcasting
 * Level 8.0 Conjurations


You had 9 spell levels left.
You knew the following spells:

 Your Spells              Type           Power      Damage    Failure   Level
a - Magic Dart            Conj           100%       1d8       1%          1
b - Searing Ray           Conj           94%        2d7       1%          2
c - Iskenderun's Mystic   Conj/Tloc      27%        2d7       14%         4

Your spell library contained the following spells:

 Spells                   Type           Power      Damage    Failure   Level
 Foxfire                  Conj/Fire      100%       2x1d9     1%          1
 Dazzling Flash           Conj/Hex       54%        N/A       4%          3
 Fulminant Prism          Conj/Hex       13%        3d9       14%         4
 Gell's Gravitas          Tloc           7%         N/A       22%         3
 Lesser Beckoning         Tloc           7%         N/A       22%         3
 Teleport Other           Tloc           7%         N/A       22%         3
 Lee's Rapid Deconstruct  Erth           3%         3d6*      91%         5


Dungeon Overview and Level Annotations

Branches:
Dungeon (6/15)             Temple (1/1) D:4

Altars:
Dithmenos
Elyvilon
Fedhas
Hepliaklqana
Kikubaaqudgha
Makhleb
Nemelex Xobeh
Okawaru
Qazlal
Ru
Sif Muna
Trog
Uskayaw
Vehumet
Wu Jian
Xom
Yredelemnul
Zin
The Shining One

Shops:
D:4 (


Message History

Vehumet accepts your kill.
You can now gain magical power from killing.
Vehumet offers you knowledge of Foxfire.
The searing ray hits the orc.
The orc is heavily wounded. (Press . to maintain the ray.)
The searing ray hits the orc.
You kill the orc!
Vehumet accepts your kill.
The searing ray misses the orc.
The searing ray hits the orc.
The orc is almost dead.
The searing ray hits the orc!
You kill the orc!
Vehumet accepts your kill.
The searing ray hits the orc!
You kill the orc!
Vehumet accepts your kill.
The searing ray hits the orc warrior.
The orc warrior is moderately wounded.
You finish channelling your searing ray.
Casting: Searing Ray (safe; 1% risk of failure)
Confirm with . or Enter, or press ? or * to list all spells.
Aiming: Searing Ray (safe; 1% risk of failure)
Press: ? - help, Shift-Dir - straight line, f - orc warrior
Aim: an orc warrior, wielding a +0 mace and wearing a +0 plate armour (moderately wounded, 82% to hit)
The searing ray hits the orc warrior!
The orc warrior is severely wounded. (Press . to maintain the ray.)
The searing ray hits the orc warrior but does no damage.
The orc warrior is heavily wounded.
The orc warrior hits you with a +0 mace!
The searing ray hits the orc warrior!
The orc warrior is almost dead.
The orc warrior hits you with a +0 mace.
The searing ray misses the orc warrior.
You finish channelling your searing ray.
The orc warrior hits you with a +0 mace.
The orc warrior hits you with a +0 mace!
You die...

##.##.##........#
######
#..#...........+
##.####........#
#.####........#
#.............#
##.....########
#.....#
#.....###########
#.....@o).)......
#.....####.....##
#.....# .......
######..#.#
..o....
#........)##
...o...
#..........#
.......
#..........#
...o...
#..........#
....o..
#..........#


You could see an orc warrior.

Vanquished Creatures
  Sigmund (D:5)
  A water moccasin skeleton (D:5)
  A centaur zombie (D:6)
  A hound (D:5)
  A centaur skeleton (D:5)
  A scorpion zombie (D:5)
  2 hound skeletons (D:4)
  A gnoll (D:1)
  An adder (D:3)
  A howler monkey skeleton (D:5)
  2 ufetubi (D:4)
  A dart slug (D:4)
  9 orcs
  2 ball pythons
  3 endoplasms
  4 giant cockroaches
  4 hobgoblins
  9 jackals
  3 quokkas
  3 bats (D:2)
  3 frilled lizards (D:1)
  4 goblins
  11 kobolds
  4 rats
73 creatures vanquished.

Notes
Turn   | Place    | Note
-------+----------+-------------------------------------------
     0 | D:1      | nickcage the Deep Elf Conjurer began the quest for the Orb.
     0 | D:1      | Reached XP level 1. HP: 10/10 MP: 6/6
   295 | D:1      | Reached XP level 2. HP: 15/15 MP: 4/8
   298 | D:1      | Learned a level 2 spell: Searing Ray
   344 | D:1      | Reached skill level 5 in Conjurations
   700 | D:1      | Found a faded altar of an unknown god.
  1007 | D:2      | Reached XP level 3. HP: 19/19 MP: 4/9
  2467 | D:4      | Found Dinwy's Weapon Shop.
  2481 | D:4      | Reached skill level 6 in Conjurations
  2585 | D:4      | Reached XP level 4. HP: 24/24 MP: 7/11
  2622 | D:4      | Found a staircase to the Ecumenical Temple.
  2631 | Temple   | Entered the Ecumenical Temple
  2662 | Temple   | Became a worshipper of Vehumet
  3057 | D:4      | Found a bloodstained altar of Trog.
  3499 | D:5      | Entered Level 5 of the Dungeon
  3505 | D:5      | Learned a level 4 spell: Iskenderun's Mystic Blast
  3587 | D:5      | Reached XP level 5. HP: 20/28 MP: 0/12
  3775 | D:5      | Reached skill level 7 in Conjurations
  3855 | D:5      | Noticed Sigmund
  4199 | D:6      | Noticed a sky beast
  4400 | D:5      | Reached XP level 6. HP: 32/32 MP: 12/15
  4447 | D:5      | Killed Sigmund
  4448 | D:5      | Reached skill level 5 in Spellcasting
  4448 | D:5      | Reached skill level 8 in Conjurations
  4617 | D:5      | Noticed an orc warrior
  4623 | D:5      | Reached * piety under Vehumet
  4623 | D:5      | Offered knowledge of Foxfire by Vehumet.
  4631 | D:5      | Slain by an orc warrior

Illustrated notes

Levels and vault maps discovered:
D:1:      ebering_trefoil_twist, layout_loops_ring,
          shapermc_ecumenical_altar_mp_urbaneastern, chequers_jeans
D:2:      layout_rooms, serial_bayou_pond_a, grunt_decor_junction
D:3:      layout_loops_ring
D:4:      layout_cave_pools, marbit_many_paths, minmay_temple_entry_crystal_x,
          serial_shops, shop, serial_rivers, chequers_serial_rivers_micro_c,
          chequers_serial_rivers_large_a, chequers_serial_rivers_micro_b,
          chequers_serial_rivers_small_3, chequers_serial_rivers_micro_b
D:5:      lemuel_ice_spiral_2, layout_basic, uniq_sigmund
D:6:      layout_loops_corners, ashenzari_altar_1
Temple:   regret_index_temple_mists

Skill      XL: |  1  2  3  4  5  6 |
---------------+-------------------+-----
Conjurations   | 5 6 7 8 |  8.0
Spellcasting   | 4 5 |  5.7
Dodging        | |  2.4
Stealth        | |  2.4

Action                   |  1- 3 |  4- 6 || total
-------------------------+-------+-------++-------
Melee: Dagger            |       |     5 ||     5
 Cast: Magic Dart        |    83 |    63 ||   146
       Searing Ray       |     2 |     9 ||    11
Armor: Robe              |     2 |     6 ||     8
Dodge: Dodged            |     4 |    11 ||    15
